 Dungeon Crawl Stone Soup version 0.23.2-33-g5129a83184 (webtiles) character file.

Game seed: 13103243712397352624

26 snilloc10 the Charmwright (level 3, 0/24 HPs)
             Began as a Halfling Skald on May 28, 2019.
             Slain by a hobgoblin
             ... wielding a +0 club
              (2 damage)
             ... on level 1 of the Dungeon on July 12, 2019.
             The game lasted 00:04:18 (1039 turns).

snilloc10 the Charmwright (Halfling Skald)          Turns: 1039, Time: 00:04:18

Health: 0/24       AC:  3    Str: 12    XL:     3   Next: 22%
Magic:  5/5        EV: 14    Int: 11    God:
Gold:   40         SH:  0    Dex: 14    Spells: 4/5 levels left

rFire    . . .     SeeInvis .   c - +0 dagger
rCold    . . .     Gourm    .   (shield restricted)
rNeg     . . .     Faith    .   b - +0 leather armour
rPois    .         Spirit   .   (no helmet)
rElec    .         Reflect  .   (no cloak)
rCorr    .         Harm     .   (no gloves)
MR       .....                  (no boots)
Stlth    +.........             (no amulet)
HPRegen  0.08/turn              (no ring)
MPRegen  0.09/turn              (no ring)

@: no status effects
A: small, mutation resistance 1
a: no special abilities


You were on level 1 of the Dungeon.
You were hungry.

You visited 1 branch of the dungeon, and saw 1 of its levels.

You collected 40 gold pieces.

Inventory:

Hand Weapons
 a - a +0 short sword
 c - a +0 dagger (weapon)
 f - a +0 hand axe
Armour
 b - a +0 leather armour (worn)
Potions
 e - a potion of heal wounds {unknown}
 h - a potion of might {unknown}
Comestibles
 d - 2 rations


   Skills:
 + Level 1.9 Fighting
 + Level 2.8 Short Blades
 + Level 1.6 Armour
 + Level 2.3 Dodging
 + Level 1.6 Spellcasting
 + Level 3.8 Charms


You had 4 spell levels left.
You knew the following spells:

 Your Spells              Type           Power        Failure   Level  Hunger
a - Infusion              Chrm           #...         8%          1    ##.....

Your spell library contained the following spells:

 Spells                   Type           Power        Failure   Level  Hunger
 Song of Slaying          Chrm           #.......     12%         2    ###....
 Shroud of Golubria       Chrm/Tloc      #.........   26%         2    ###....
 Regeneration             Chrm/Necr      #.........   45%         3    ####...
 Spectral Weapon          Hex/Chrm       #.......     45%         3    ####...


Dungeon Overview and Level Annotations

Branches:
Dungeon (1/15)

Altars:


Innate Abilities, Weirdness & Mutations

You are small and have problems with some larger weapons.
You are somewhat resistant to further mutation.


Message History

You barely miss the hobgoblin.
The hobgoblin is moderately wounded.
The hobgoblin hits you with a +0 club.
* * * LOW HITPOINT WARNING * * *
Sorry, you're not good enough to have a special ability.
You hit the hobgoblin.
The hobgoblin is almost dead.
The hobgoblin closely misses you.
You hit the hobgoblin but do no damage.
The hobgoblin is almost dead.
The hobgoblin hits you with a +0 club.
* * * LOW HITPOINT WARNING * * *
You closely miss the hobgoblin.
The hobgoblin is almost dead.
The hobgoblin hits you with a +0 club.
* * * LOW HITPOINT WARNING * * *
You closely miss the hobgoblin.
The hobgoblin is almost dead.
The hobgoblin hits you with a +0 club.
You die...

................................#
...#.##...#.####.###....#.#.....#
#..#.##...#.####.###....#.#......
#...............................#
##.#.##..##.#.##.###.#..#.#.#...#
.........................>.......
.....##..##.#.##.###.#..#.#......
.#.#.##..##.#.##.# #.#..#.#.#....
.#÷#.##..##.#.##@# # #..#.#......
.....##..##.#.##g# #..#.#.#....
.#.#.##..#.....#g###.............
.....†......#...w................
.#.#.##.......##.##..............
............#.#))?# .#......#....
..............##.## #...........
.....##.......#... #.##...##...
.#............#### .......##...


You could see a dart slug, a hobgoblin and a goblin.

Vanquished Creatures
  A leopard gecko (D:1)
  A ball python (D:1)
  2 giant cockroaches (D:1)
  3 goblins (D:1)
  3 hobgoblins (D:1)
  4 jackals (D:1)
  A bat (D:1)
  A frilled lizard (D:1)
  8 rats (D:1)
24 creatures vanquished.

Notes
Turn   | Place    | Note
-------+----------+-------------------------------------------
     0 | D:1      | snilloc10 the Halfling Skald began the quest for the Orb.
     0 | D:1      | Reached XP level 1. HP: 14/14 MP: 3/3
   115 | D:1      | Reached XP level 2. HP: 7/19 MP: 1/4
   129 | D:1      | Upgraded the game from 0.23.2-1-ga50397a to
                  | 0.23.2-33-g5129a83184
   626 | D:1      | Reached XP level 3. HP: 22/24 MP: 5/5
  1039 | D:1      | Slain by a hobgoblin

Action                   || total
-------------------------++-------
Melee: Short sword       ||    37
       Dagger            ||    93
 Cast: Infusion          ||     1
Armor: Leather armour    ||    22
Dodge: Dodged            ||   111
